 Dungeon Crawl Stone Soup version 0.13-a0-2899-gc7fce8a (webtiles) character file.

196 JacquesDerrida the Charmwright (level 4, -2/39 HPs)
             Began as a Naga Skald on Aug 30, 2013.
             Slain by a gnoll
             ... wielding a +0,+0 spear
              (12 damage)
             ... on Level 3 of the Dungeon.
             The game lasted 00:05:29 (2596 turns).

JacquesDerrida the Charmwright (Naga Skald)         Turns: 2596, Time: 00:05:29

HP  -2/39        AC  2     Str 15      XL: 4   Next: 19%
MP   1/8         EV  9     Int 13      God:
Gold 128         SH  0     Dex 10      Spells:  2 memorised,  3 levels left

Res.Fire  : . . .   See Invis. : +   e - +1 dwarf dagger (drain)
Res.Cold  : . . .   Warding    : .   b - +0 leather armour
Life Prot.: . . .   Conserve   : .   (no shield)
Res.Poison: +       Res.Corr.  : .   (no helmet)
Res.Elec. : .       Clarity    : .   (no cloak)
Sust.Abil.: . .     Spirit.Shd : .   (no gloves)
Res.Mut.  : .       Stasis     : .   (no barding)
Res.Rott. : .       Flight     : .   (no amulet)
Saprovore : . . .                    (no ring)
                                     (no ring)

@: very slightly contaminated, very slow, slightly resistant to hostile
enchantments, very unstealthy
A: spit poison, see invisible, deformed body, poison resistance, slowness 2, AC
+1
a: Spit Poison


You were on level 3 of the Dungeon.
You were not hungry.

You visited 1 branch of the dungeon, and saw 3 of its levels.

You collected 108 gold pieces.

Inventory:

Hand weapons
 a - a +0,+0 falchion
 e - a +1,+1 dwarven dagger of draining (weapon)
 p - a +1,+2 elven dagger of speed (quivered)
 y - a cursed -2,-3 bow
Armour
 b - a +0 leather armour (worn)
 v - a cursed -2 ring mail
Magical devices
 w - a wand of magic darts (2)
Comestibles
 d - 2 bread rations
 g - 2 apples
 l - a rambutan
 r - a meat ration
Scrolls
 f - 8 scrolls of identify {unknown}
 i - 6 scrolls of remove curse {unknown}
 s - a scroll of magic mapping {unknown}
 t - a scroll of curse weapon {unknown}
 u - 3 scrolls of noise {unknown}
 x - a scroll of curse jewellery {unknown}
 z - a scroll of teleportation {unknown}
Potions
 h - 3 potions of might {unknown}
 j - 4 potions of curing {unknown}
 k - a potion of magic {unknown}
 m - a potion of brilliance {unknown}
 n - 2 potions of slowing {unknown}
 o - 2 potions of flight {unknown}
 q - 2 potions of mutation {unknown}
 A - 2 potions of heal wounds {unknown}
Books
 c - a book of Battle

   Spells                             Type                      Level
   *Infusion                          Charms                       1
   Shroud of Golubria                 Charms/Translocation         2
   Song of Slaying                    Charms                       2
   *Spectral Weapon                   Hexes/Charms                 3
   Regeneration                       Charms/Necromancy            3
   Song of Shielding                  Charms                       4


   Skills:
 - Level 2.1 Fighting
 + Level 3.3 Long Blades
 - Level 1.0 Armour
 - Level 1.0 Dodging
 - Level 0.4 Stealth
 - Level 2.1 Spellcasting
 - Level 3.6 Charms


You had 3 spell levels left.
You knew the following spells:

 Your Spells              Type           Power        Failure   Level  Hunger
a - Infusion              Chrm           ##....       8%          1    ##.....
b - Spectral Weapon       Hex/Chrm       #.......     38%         3    ####...


Dungeon Overview and Level Annotations

Branches:
Dungeon (3/27)

Altars:


Innate Abilities, Weirdness & Mutations

You cannot wear boots.
You can spit poison.
Your serpentine skin is tough (AC +1).
You have supernaturally acute eyesight.
Armour fits poorly on your strangely shaped body.
Your system is resistant to poisons.
You cover ground very slowly.


Message History

You draw out your weapon's spirit!
The gnoll hits you with a club. The gnoll barely misses you.
You hit the gnoll. You drain the gnoll!
The gnoll is almost dead.
The gnoll hits you with a club! The gnoll barely misses you.
You barely miss the gnoll.
The gnoll is almost dead.
Your spectral weapon hits the gnoll.
You kill the gnoll!
The gnoll hits you from afar with a spear.
You hit the gnoll but do no damage.
Your spectral weapon barely misses the gnoll.
The gnoll closely misses you.
The gnoll hits you from afar with a spear!
* * * LOW HITPOINT WARNING * * *
You hit the gnoll.
The gnoll is lightly wounded.
Your spectral weapon hits the gnoll but does no damage.
Your spectral weapon drains the gnoll!
The gnoll hits you with a spear!
You die...

#..... #?.>. .s. #g#
#g# #.## ##### #.g#
#.... ####g######
#.... #..@(.....#
#....
#.........######....
#.........'....#....
#.........####.'....
#.........# ###....
#.....)...# #....
##+######## #####


You could see 2 gnolls and a friendly spectral dwarven dagger of draining.

Vanquished Creatures
  2 gnolls (D:3)
  3 giant geckos (D:1)
  An orc (D:3)
  2 adders (D:2)
  2 giant cockroaches (D:2)
  9 goblins
  4 bats
  3 giant newts
  11 hobgoblins
  3 kobolds
  A quokka (D:3)
  10 rats
51 creatures vanquished.

Notes
Turn   | Place    | Note
--------------------------------------------------------------
     0 | D:1      | JacquesDerrida, the Naga Skald, began the quest for the Orb.
     0 | D:1      | Reached XP level 1. HP: 18/18 MP: 3/3
   413 | D:1      | Reached XP level 2. HP: 20/25 MP: 1/5
   576 | D:1      | Reached skill level 1 in Dodging
   756 | D:1      | Reached skill level 1 in Armour
   756 | D:1      | Reached XP level 3. HP: 27/31 MP: 3/6
  1032 | D:2      | Learned a level 3 spell: Spectral Weapon
  1463 | D:2      | HP: 1/31 [hobgoblin (4)]
  2561 | D:3      | Reached XP level 4. HP: 37/39 MP: 8/8
  2596 | D:3      | Slain by a gnoll

Action                   |  1- 3 |  4- 6 || total
-------------------------+-------+-------++-------
Melee: Dagger            |   118 |     8 ||   126
 Cast: Infusion          |     8 |       ||     8
       Spectral Weapon   |       |     2 ||     2
 Abil: Spit Poison       |     2 |       ||     2
Evoke: Wand              |     3 |       ||     3
